 Dungeon Crawl Stone Soup version 0.31-a0-441-g867994ef1c (webtiles) character file.

Game seed: 7027033720968872507

179 CraigForest the Ruffian (level 5, 0/48 HPs)
             Began as a Troll Shapeshifter on Aug 3, 2023.
             Was an Initiate of Hepliaklqana.
             Engulfed by a steam dragon's steam (7 damage)
             ... on level 4 of the Dungeon.
             The game lasted 00:08:30 (2855 turns).

CraigForest the Ruffian (Troll Shapeshifter)        Turns: 2855, Time: 00:08:30

Health: 0/48       AC:  5    Str: 25    XL:     5   Next: 32%
Magic:  4/4        EV: 10    Int:  4    God:    Hepliaklqana [......]
Gold:   164        SH:  0    Dex: 16    Spells: 4/4 levels left

rFire   . .          .
                       - Unarmed
rCold   . . .        (no shield)
rNeg    . . .        h - +1 robe
rPois   .            (helmet currently unavailable)
rElec   .            (cloak currently unavailable)
rCorr   .            (gloves unavailable)
SInv    .            (boots unavailable)
Will    .....        (no amulet)
Stlth   +            d - +6 ring of dexterity
HPRegen 1.08/turn    (no ring)
MPRegen 0.09/turn

%: no passive effects
@: beast-form
A: beast (slay +2), large, unfitting armour, claws 3, regeneration 1, shaggy fur
1, tough skin 1
a: Begin Untransformation, Renounce Religion


You were on level 4 of the Dungeon.
You worshipped Hepliaklqana.
Hepliaklqana was noncommittal.
You were a hulking beast.
You visited 1 branch of the dungeon, and saw 4 of its levels.

You collected 164 gold pieces.

Inventory:

Hand Weapons
 i - a +0 sling
Missiles
 l - 4 boomerangs
Armour
 a - a +0 animal skin
 h - a +1 robe (worn)
Jewellery
 d - a +6 ring of dexterity (left claw)
Talismans
 c - a beast talisman (active)
Scrolls
 k - a scroll of teleportation
 n - a scroll of torment {unknown}
Potions
 b - a potion of lignification
 e - 2 potions of curing
 f - a potion of degeneration {unknown}
 g - a potion of resistance {unknown}
 j - a potion of enlightenment {unknown}
 m - a potion of brilliance {unknown}


   Skills:
 - Level 1.0 Fighting
 + Level 2.2 Dodging
 + Level 4.7 Unarmed Combat
 + Level 3.9 Shapeshifting


You had 4 spell levels left.
You didn't know any spells.
Your spell library contained the following spells:

 Spells                   Type           Power      Damage    Failure   Level
 Apportation              Tloc           0%         N/A       50%         1
 Necrotise                Necr           0%         1d4       50%         1
 Summon Small Mammal      Summ           0%         N/A       50%         1


Dungeon Overview and Level Annotations

Branches:
Dungeon (4/15)
 Temple: D:4-7

Altars:
Hepliaklqana


Innate Abilities, Weirdness & Mutations

You are a hulking beast.
Your limbs bulge with bestial killing power. (Slay +2)
You are too large for most types of armour.
You have claws for hands.
Your natural rate of healing is unusually fast.
You are covered in fur. (AC +1)
You have tough skin. (AC +1)


Message History

You claw the sky beast!
The sky beast is heavily wounded.
You scratch the sky beast.
The sky beast is heavily wounded.
The sky beast hits you. The sky beast shocks you.
The steam dragon barely misses you. x2
You claw the sky beast!
The sky beast is almost dead.
The sky beast misses you. The steam dragon bites you.
The steam dragon barely misses you.
You closely miss the sky beast.
The sky beast is almost dead.
The sky beast hits you. The sky beast shocks you.
The steam dragon breathes steam at you. The ball of steam hits you!
You hear a shout!
You are too injured to fight recklessly!
You are too injured to fight recklessly!
You are too injured to fight recklessly!
You are too injured to fight recklessly!
You are too injured to fight recklessly!
You are too injured to fight recklessly!
You are too injured to fight recklessly!
You are too injured to fight recklessly!
You are too injured to fight recklessly!
You are too injured to fight recklessly!
You are too injured to fight recklessly!
The sky beast flickers out of sight!
Deactivating autopickup; reactivate with Ctrl-A.
Something hits you but does no damage.
The steam dragon completely misses you. x2
You barely miss something. Something hits you but does no damage.
The steam dragon bites you.
The steam dragon claws you but does no damage.
You miss something. Something hits you but does no damage.
The steam dragon bites you!
* * * LOW HITPOINT WARNING * * *
The steam dragon barely misses you.
You barely miss something.
You are engulfed in a cloud of scalding steam.
You die...

### ## #### ..# ##.#
...# #.# ####..# #..
#§###.....# #..
#§#§..#...#
#.##§..###.###
#...§§.....##
###h.###....#
#{D###.##.##
............#
#.####.###...#######
#. #.# ###........ .
. # ###....## .. #
#####... #. #.......
....#####.


You could see a steam dragon.

Vanquished Creatures
  A jelly (D:2)
  A gnoll (D:2)
  6 adders
  3 worms
  2 dart slugs
  2 orcs
  A ball python (D:3)
  3 bats
  6 endoplasms
  A giant cockroach (D:1)
  5 hobgoblins
  6 quokkas
  3 frilled lizards
  18 goblins
  7 kobolds
  5 rats
70 creatures vanquished.

Notes
Turn   | Place    | Note
-------+----------+-------------------------------------------
     0 | D:1      | CraigForest the Troll Shapeshifter began the quest for the
                  | Orb.
     0 | D:1      | Reached XP level 1. HP: 18/18 MP: 0/0
    78 | D:1      | Reached XP level 2. HP: 24/26 MP: 1/1
  1250 | D:2      | Reached XP level 3. HP: 32/32 MP: 2/2
  1546 | D:2      | Reached skill level 4 in Unarmed Combat
  1546 | D:2      | Reached XP level 4. HP: 38/40 MP: 3/3
  1841 | D:2      | Reached XP level 5. HP: 43/46 MP: 4/4
  2190 | D:3      | Found a hazy altar of Hepliaklqana.
  2196 | D:3      | Became a worshipper of Hepliaklqana the Forgotten
  2228 | D:3      | Reached skill level 1 in Fighting
  2843 | D:4      | Noticed a sky beast
  2844 | D:4      | Noticed a steam dragon
  2855 | D:4      | Engulfed by a steam dragon's steam

Illustrated notes

Levels and vault maps discovered:
D:1:      heliophobic_arrival_battle_scene, layout_basic
D:2:      minmay_diamond_boxcup, layout_loops_corners, minmay_goblin_outpost
D:3:      layout_basic, overflow_temple_1_default
D:4:      layout_rooms, general_overflow_altar, lemuel_round_altar

Skill      XL: |  1  2  3  4  5 |
---------------+----------------+-----
Dodging        | 2 |  2.2
Unarmed Combat | 4 |  4.7
Fighting       | 1 |  1.0
Shapeshifting  | |  3.9

Action                     |  1- 3 |  4- 6 || total
---------------------------+-------+-------++-------
  Melee: Unarmed           |    66 |    83 ||   149
         Punch             |     2 |     2 ||     4
   Fire: Sling             |       |     7 ||     7
    Use: Scroll            |     5 |       ||     5
   Stab: Sleeping          |     3 |     2 ||     5
 Armour: Animal skin       |     9 |       ||     9
         Robe              |     9 |    20 ||    29
  Dodge: Dodged            |    19 |    37 ||    56

Table legend: (Time is in decaauts)
 A = Elapsed time spent in this place.
 B = Non-inter-level travel time spent in this place.
 C = Inter-level travel time spent in this place.
 D = Time resting spent in this place.
 E = Time spent auto-exploring this place.
 F = Levels seen in this place.
 G = Mean time per level.
                   A        B        C        D        E       F      G
               +--------+--------+--------+--------+--------+-----+--------+
         Total |   2844 |   2447 |    397 |      0 |   2042 |   4 |  711.0 |
       Dungeon |   2844 |   2447 |    397 |      0 |   2042 |   4 |  711.0 |
               +--------+--------+--------+--------+--------+-----+--------+

Top non-repeatable levels by time:
     D:1: 1147 daAuts
     D:3: 784 daAuts
     D:2: 764 daAuts
     D:4: 149 daAuts
